 Dungeon Crawl Stone Soup version 0.14-a0-3154-g428849b (webtiles) character file.

223 Kae the Chopper (level 5, -1/45 HPs)
             Began as a Hill Orc Fighter on Mar 9, 2014.
             Killed from afar by an orc wizard (4 damage)
             ... with a magic dart
             ... on Level 3 of the Dungeon.
             The game lasted 00:01:50 (1323 turns).

Kae the Chopper (Hill Orc Fighter)                  Turns: 1323, Time: 00:01:50

HP  -1/45        AC  6     Str 20      XL: 5   Next: 12%
MP   5/5         EV 11     Int  8      God:
Gold 94          SH 19     Dex 15      Spells:  0 memorised,  4 levels left

rFire  . . .     SeeInvis .     a - +0 war axe
rCold  . . .     Clarity  .     b - +0 scale mail
rNeg   . . .     Conserve .     c - +0 shield
rPois  .         rCorr    .     (no helmet)
rElec  .         rRot     .     (no cloak)
SustAb . .       Spirit   .     (no gloves)
rMut   .         Warding  .     (no boots)
Saprov + . .     Stasis   .     (no amulet)
MR     .....                    (no ring)
                                (no ring)

@: invisible, agile, very slightly contaminated, not resistant to hostile
enchantments, very unstealthy
A: saprovore 1
a: no special abilities


You were on level 3 of the Dungeon.
You were not hungry.

You visited 1 branch of the dungeon, and saw 3 of its levels.

You collected 94 gold pieces.

Inventory:

Hand weapons
 a - a +0,+0 war axe (weapon)
Armour
 b - a +0 scale mail (worn)
 c - a +0 shield (worn)
Magical devices
 t - a wand of teleportation (4) {unknown}
Comestibles
 d - a meat ration
 k - 4 bread rations
 s - a pear
Scrolls
 f - 4 scrolls of identify {unknown}
 g - a scroll of random uselessness {unknown}
 h - 2 scrolls of magic mapping {unknown}
 i - a scroll of blinking {unknown}
 m - a scroll of noise {unknown}
 n - a scroll of amnesia {unknown}
 p - a scroll of remove curse {unknown}
 r - a scroll of teleportation {unknown}
Jewellery
 j - an uncursed ring of regeneration {unknown}
Potions
 e - a potion of invisibility
 o - a potion of heal wounds {unknown}
 q - a potion of restore abilities {unknown}


   Skills:
 - Level 3.6 Fighting
 + Level 6.8 Axes
 - Level 3.2 Armour
 - Level 3.2 Shields


You had 4 spell levels left.
You didn't know any spells.

Dungeon Overview and Level Annotations

Branches:
Dungeon (3/16)

Altars:


Innate Abilities, Weirdness & Mutations

You can tolerate rotten meat.


Message History

Something hits you.
* * * LOW HITPOINT WARNING * * *
You closely miss something.
The orc shouts!
You completely miss something.
The orc shouts!
Something hits you but does no damage.
You miss something.
The orc shouts!
You closely miss something.
You hear some strange, mumbled words.
The puff of flame hits you!
* * * LOW HITPOINT WARNING * * *
Unknown command.
Drink which item? (? for menu, Esc to quit)
You feel agile all of a sudden.
It was a potion of agility.
The orc shouts!
You hear some strange, mumbled words.
The magic dart hits you!
You die...

........# #.# .........# #.#
.........# #.# .........# #.# .
.........# #.# ..?o .........#
#.# o.... .........# #.# ...o..
.........# #)######### o......
.........# #.@.o.....# .......
....(....##############.##.......
.........'...>...................
.........##############..........
.........# ####....... ##########
/...... # ....... # ....... #
......


You could see an orc (wandering).

Vanquished Creatures
  An orc priest (D:3)
  2 adders (D:2)
  A worm (D:3)
  3 giant geckos
  2 oozes
  2 orcs (D:3)
  8 bats
  6 hobgoblins
  7 jackals
  A quokka (D:2)
  2 ball pythons (D:2)
  2 giant cockroaches (D:1)
  4 giant newts
  8 goblins
  11 kobolds
  5 rats
65 creatures vanquished.

Notes
Turn   | Place    | Note
--------------------------------------------------------------
     0 | D:1      | Kae, the Hill Orc Fighter, began the quest for the Orb.
     0 | D:1      | Reached XP level 1. HP: 19/19 MP: 1/1
   120 | D:1      | Reached XP level 2. HP: 26/26 MP: 2/2
   226 | D:1      | Reached skill level 4 in Axes
   371 | D:1      | Reached XP level 3. HP: 25/31 MP: 3/3
   488 | D:2      | Reached skill level 5 in Axes
   611 | D:2      | Reached XP level 4. HP: 27/39 MP: 4/4
  1058 | D:2      | Reached skill level 6 in Axes
  1314 | D:3      | Reached XP level 5. HP: 8/45 MP: 5/5
  1323 | D:3      | Killed from afar by an orc wizard

Action                   |  1- 3 |  4- 6 || total
-------------------------+-------+-------++-------
Melee: War axe           |   101 |    84 ||   185
  Use: Potion            |       |     2 ||     2
